 Seeded DCSS version 0.27.1-34-g3ba077fa99 (webtiles) character file.

Game seed: 420757259524105916 (custom seed)

222104 croobank the Minotaur Blade (level 18, 0/157 HPs)
             Began as a Minotaur Berserker on Jan 1, 2022.
             Was a High Priest of Trog.
             Killed by angry trees
             ... awakened by a spriggan druid
              (9 damage)
             ... on level 2 of the Swamp on Jan 2, 2022.
             The game lasted 05:26:11 (41240 turns).

croobank the Minotaur Blade (Minotaur Berserker)   Turns: 41240, Time: 05:26:11

Health: 0/157      AC: 36    Str: 40    XL:     18   Next: 52%
Magic:  17/17      EV: 12    Int:  4    God:    Trog [*****.]
Gold:   2157       SH:  0    Dex: 13    Spells: 17/17 levels left

rFire    + . .     SeeInvis +   C - +12 double sword of World's End {vorpal, rF+ rC- Str+8 Dex-4}
rCold    + . .     Faith    .   (no shield)
rNeg     . . .     Spirit   .   I - +9 scales of the Dragon King {rPois rF+ rC+ Will+}
rPois    +         Reflect  .   (helmet restricted)
rElec    +         Harm     .   e - +2 cloak {rC+}
rCorr    .         Rampage  .   z - +2 pair of gloves
Will     ++...                  P - +0 pair of boots
Stlth    ..........             (no amulet)
HPRegen  0.36/turn              H - ring "Ypuripro" {rPois Str+3 SInv Stlth-}
MPRegen  0.15/turn              r - ring "Jyhach" {rElec rF- Dex+6 Stlth+}

@: about to teleport, on berserk cooldown, slowed, very slow
A: horns 2, retaliatory headbutt
}: 1/15 runes: serpentine
a: Renounce Religion, Berserk, Trog's Hand, Brothers in Arms


You were on level 2 of the Swamp.
You worshipped Trog.
Trog was extremely pleased with you.
You visited 5 branches of the dungeon, and saw 29 of its levels.
You also visited: Ice Cave.

You collected 3057 gold pieces.
You spent 900 gold pieces at shops.

Inventory:

Hand Weapons
 a - a +8 triple sword of flaming
 b - a +0 arbalest of flaming
 j - a +1 dagger of holy wrath
 o - a +6 quick blade of flaming
 u - a +0 vorpal hand crossbow
 v - a +1 antimagic great sword
 C - the +12 double sword of World's End (weapon) {vorpal, rF+ rC- Str+8 Dex-4}
   (Trog gifted it to you on level 3 of the Snake Pit)

   It inflicts extra damage upon your enemies.
   Str:       It affects your strength (+8).
   Dex:       It affects your dexterity (-4).
   rF:        It protects you from fire.
   rC:        It makes you vulnerable to cold.
 G - a +3 demon blade
 T - the +10 long sword of Bodily Humours {protect, rF+ Str+3}
   (You found it on level 3 of the Lair of Beasts)

   It grants its wielder temporary protection when it strikes (+7 to AC).
   Str:       It affects your strength (+3).
   rF:        It protects you from fire.
Missiles
 i - 371 bolts
 x - 6 atropa-tipped darts (quivered)
 y - 12 silver boomerangs
Armour
 e - a +2 cloak of cold resistance (worn)
 p - the +1 ring mail "Ohoshryn" {rPois rF+++ Will- Regen+}
   (You found it on level 5 of the Lair of Beasts)

   rF:        It renders you almost immune to fire.
   rPois:     It protects you from poison.
   Regen:     It increases your rate of health regeneration.
   Will:      It decreases your willpower.
 z - a +2 pair of gloves (worn)
 F - the +1 chain mail of Complete Protection {Regen+}
   (You bought it in a shop on level 6 of the Dungeon)

   Regen:     It increases your rate of health regeneration.
 I - the +9 scales of the Dragon King (worn) {rPois rF+ rC+ Will+}
   (You found it on level 1 of the Snake Pit)

   rF:        It protects you from fire.
   rC:        It protects you from cold.
   rPois:     It protects you from poison.
   Will:      It increases your willpower.
 J - +0 fire dragon scales
 P - a +0 pair of boots (worn)
 V - +0 ice dragon scales
Jewellery
 q - a +6 ring of strength
 r - the ring "Jyhach" (right hand) {rElec rF- Dex+6 Stlth+}
   (You acquired it on level 1 of the Snake Pit)

   [ring of dexterity]

   Dex:       It affects your dexterity (+6).
   rF:        It makes you vulnerable to fire.
   rElec:     It insulates you from electricity.
   Stlth:     It makes you more stealthy.
 t - a ring of flight
 D - a +4 ring of protection
 H - the ring "Ypuripro" (left hand) {rPois Str+3 SInv Stlth-}
   (You bought it in a shop on level 9 of the Dungeon)

   [ring of poison resistance]

   Str:       It affects your strength (+3).
   rPois:     It protects you from poison.
   SInv:      It lets you see invisible.
   Stlth:     It makes you less stealthy.
 L - a ring of resist corrosion
 O - a ring of positive energy
 S - a ring of protection from cold
 U - a +4 ring of evasion
 Y - a ring of willpower
 Z - a +6 ring of strength
Wands
 n - a wand of digging (15)
 A - a wand of iceblast (8)
 K - a wand of charming (7)
 N - a wand of flame (45)
 R - a wand of paralysis (12)
Scrolls
 f - 5 scrolls of magic mapping {magic mapping}
 g - 5 scrolls of teleportation {teleport}
 M - 4 scrolls of immolation {immolation, unknown}
Potions
 c - 4 potions of might {might, unknown}
 k - 6 potions of curing
 l - 5 potions of flight {flight}
 m - a potion of invisibility {invisibility}
 s - 9 potions of ambrosia {ambrosia}
 w - 5 potions of lignification {lignification, unknown}
 B - 3 potions of cancellation
 W - 4 potions of haste
 X - 2 potions of resistance
Miscellaneous
 E - a lightning rod (4/4)
 Q - a tin of tremorstones (2/2)


   Skills:
 + Level 13.3 Fighting
 - Level 1.0(15.9) Short Blades
 - Level 24.7(24.8) Long Blades
 - Level 2.9 Crossbows
 - Level 1.1 Throwing
 - Level 12.1 Armour
 * Level 11.7 Dodging
 - Level 1.1 Stealth
 - Level 19.0 Shields


You had 17 spell levels left.
You didn't know any spells.
Your spell library was empty.

Dungeon Overview and Level Annotations

Branches:
Dungeon (15/15)            Temple (0/1) D:7            Lair (6/6) D:9
  Swamp (2/4) Lair:3        Snake (4/4) Lair:4        Slime (0/5) Lair:6
    Orc (2/2) D:12            Elf (0/3) Orc:2        Vaults (0/5) D:13
 Depths (0/5) D:15          IceCv (visited)

Altars:
Elyvilon
Hepliaklqana
Kikubaaqudgha
Qazlal
Ru
Sif Muna
Wu Jian
Xom
Yredelemnul
Zin
The Shining One
Jiyva

Shops:
D:2 [   D:6 [   D:7 *   D:9 =   D:10 *   D:13 ?   D:15 :   Orc:1 (
Orc:2 =:[![[

Annotations:
Lair:3 3 runed translucent doors, Luuwnalu's ghost, journeyman KoHu; Piojid's ghost, adept SpVM; boopmooplesden's ghost, journeyman MiFi; scisormetimb3rs's ghost, journeyman DsFi
Swamp:1 2 runed translucent doors, unlimited1921's ghost, journeyman TrFi
Snake:1 Roxanne


Innate Abilities, Weirdness & Mutations

You have a pair of horns on your head.
You reflexively headbutt those who attack you in melee.


Message History

The spriggan druid is heavily wounded.
The iceblast engulfs the deep elf knight!
The deep elf knight is moderately wounded.
You are hit by a branch.
The forest calms down.
The spriggan berserker hits you with a +0 quarterstaff!
* * * LOW HITPOINT WARNING * * *
The death yak rages.
The spriggan druid casts a spell.
The forest starts to sway and rumble!
The spriggan berserker hits you with a +0 quarterstaff!
* * * LOW HITPOINT WARNING * * *
Your +6 quick blade of flaming stops flaming.
You feel stronger.
You feel clumsy.
C - the +12 double sword of World's End (weapon)
{vorpal, rF+ rC- Str+8 Dex-4} The trees move their gnarly branches around.
A root smacks you from below.
* * * LOW HITPOINT WARNING * * *
The spriggan berserker hits you with a +0 quarterstaff!
* * * LOW HITPOINT WARNING * * *
You slash the spriggan berserker! You headbutt the spriggan berserker!
The spriggan berserker is severely wounded.
A tree reaches out and hits you!
* * * LOW HITPOINT WARNING * * *
The spriggan berserker closely misses you.
You riposte.
You slice the spriggan berserker!!
You kill the spriggan berserker!
Trog accepts your kill.
You hear a splash. x2
The death yak is no longer berserk.
The death yak disappears in a puff of smoke!
Blink to where?
Press: ? - help, Dir - move target, p - spriggan druid Splash!
As you read the scroll of blinking, it crumbles to dust.
As you read the scroll of teleportation {teleport}, it crumbles to dust.
You feel strangely unstable. A root smacks you from below!
* * * LOW HITPOINT WARNING * * *
You feel better. A root smacks you from below!
You die...

♣♣ ♣♣♣≈≈♣♣ ♣♣♣≈≈≈≈≈≈≈
♣♣♣≈≈e§≈...≈ ♣♣♣♣♣
♣♣♣≈ii)i......
♣♣♣♣♣♣♣≈≈≈♣♣♣♣♣♣♣♣≈≈i≈.♣♣i.....
♣♣.≈≈≈≈≈≈≈≈≈♣♣≈≈≈≈≈§≈.♣♣♣ .....
♣.≈≈≈♣♣♣.≈≈≈≈≈≈≈@≈≈≈♣♣♣ ##..
♣≈≈♣♣♣ ♣♣♣.≈≈≈.♣♣♣♣♣♣ # ♣≈≈♣
♣♣♣♣♣♣♣ .≈♣♣ ♣## ..♣ ♣♣.♣♣♣♣#
≈♣♣ ♣♣♣♣♣♣..≈≈..♣♣ ♣♣
♣♣.....≈.≈..... ♣
♣♣♣♣♣♣.≈≈..♣♣≈.....≈
♣♣......♣♣♣.♣♣..≈....


You could see a spriggan rider and 2 spriggan druids.

Vanquished Creatures
  A tentacled monstrosity (Swamp:1)
  2 quicksilver dragons (Snake:4)
  Kirke (D:15)
  Donald (Snake:4)
  2 thorn hunters
  3 nagarajas (Snake:4)
  A fire giant (D:12)
  Aizul (Snake:1)
  A reaper (IceCv)
  A bunyip (Swamp:2)
  A bunyip (shapeshifter) (D:15)
  A dire elephant (D:15)
  Snorg (D:11)
  4 eleionomae
  3 fire dragons
  Josephine (D:14)
  13 naga warriors
  An ice dragon (D:15)
  4 ogre magi
  3 centaur warriors
  20 hydras
  2 salamander tyrants (Snake:4)
  A catoblepas (Lair:4)
  10 death yaks
  3 boulder beetles
  2 death knights (D:15)
  17 two-headed ogres
  7 anacondas
  4 alligators
  9 naga sharpshooters
  A spriggan berserker (Swamp:2)
  Nergalle (D:11)
  3 tengu warriors (D:13)
  7 shock serpents
  A deep elf knight (D:12)
  2 salamander mystics
  2 deep trolls (Orc:1)
  6 goliath frogs
  A flayed ghost (D:12)
  4 naga ritualists
  2 bog bodies
  A swamp dragon (shapeshifter) (D:15)
  A spriggan druid (Swamp:1)
  A swamp dragon (Swamp:2)
  An orc knight (Orc:1)
  A phantasmal warrior (D:12)
  5 lindwurms
  A wizard (D:15)
  Pikel (D:7)
  3 deep elf pyromancers
  A wolf spider (shapeshifter) (D:14)
  5 manticores
  10 mana vipers
  9 salamanders
  A wolf spider (D:15)
  12 ugly things
  2 necromancers (D:13)
  An orc sorcerer (Orc:1)
  14 elephants
  5 guardian serpents
  6 cyclopes
  37 black mambas
  4 centaur zombies
  13 naga magi
  A torpor snail (Lair:6)
  A gargoyle (D:13)
  5 rime drakes
  An efreet (D:15)
  10 cane toads
  2 freezing wraiths
  10 komodo dragons
  5 ice devils (IceCv)
  3 unseen horrors
  A kobold demonologist (D:8)
  A yaktaur (D:15)
  A tengu conjurer (D:12)
  An entropy weaver simulacrum (IceCv)
  An anaconda simulacrum (IceCv)
  11 trolls
  A queen bee (D:13)
  18 meliai
  4 tyrant leeches
  5 polar bears
  11 hornets
  7 slime creatures
  Prince Ribbit (Lair:1)
  2 dream sheep (Lair:6)
  11 blink frogs
  A vampire (D:13)
  6 wyverns
  7 wraiths
  60 yaks
  17 spriggans
  2 shadows (D:12)
  4 basilisks
  A yak (shapeshifter) (D:15)
  4 steam dragons
  14 vampire mosquitoes
  A redback simulacrum (D:13)
  5 swamp worms
  A warg (Orc:2)
  44 nagas
  A harpy simulacrum (IceCv)
  Duvessa (D:7)
  21 water moccasins
  A swamp drake (Swamp:1)
  4 ice beasts
  A black bear (shapeshifter) (D:14)
  6 black bears
  15 orc warriors
  22 wolves (Lair:6)
  3 boggarts (Lair:6)
  20 ogres
  7 centaurs
  4 kobold brigands
  2 lemures (D:7)
  A phantom (D:5)
  17 bullfrogs
  2 scorpions
  A gnoll sergeant (D:8)
  4 two-headed ogre simulacra (IceCv)
  2 cane toad simulacra (IceCv)
  Dowan (D:7)
  An elephant simulacrum (IceCv)
  27 killer bees
  3 electric eels
  2 howler monkeys
  8 wights
  2 vampire bats (Lair:3)
  A crimson imp (D:8)
  22 orc priests
  A gnoll shaman (D:9)
  A centaur skeleton (D:7)
  3 hounds
  A jelly (D:5)
  A bullfrog skeleton (D:5)
  5 iguanas
  A scorpion zombie (D:5)
  2 hell rats (Lair:6)
  17 orc wizards
  2 spriggan simulacra (IceCv)
  A troll simulacrum (IceCv)
  A polar bear simulacrum (IceCv)
  A wolf simulacrum (IceCv)
  A centaur simulacrum (D:8)
  4 howler monkey zombies
  17 gnolls
  A howler monkey skeleton (D:4)
  2 naga simulacra (IceCv)
  9 adders
  5 river rats (Lair:6)
  2 shadow imps (D:8)
  10 white imps
  6 ufetubi
  2 adder zombies (D:5)
  An adder skeleton (D:4)
  3 worms
  A dart slug (D:4)
  54 orcs
  10 endoplasms
  3 giant cockroaches
  7 goblins
  9 hobgoblins
  10 jackals (D:1)
  4 quokkas
  5 ball pythons
  13 bats
  2 frilled lizards
  18 kobolds
  5 rats
  3 briar patches
1013 creatures vanquished.

Vanquished Creatures (collateral kills)
  Nikola (Snake:1)
  Asterion (Snake:2)
  A yaktaur captain (D:12)
  2 death yaks (Lair:4)
  2 naga sharpshooters
  2 ugly things (D:12)
  A manticore (D:12)
  2 naga magi
  A polar bear (Lair:6)
  A hornet (Lair:6)
  A dream sheep (Lair:6)
  A spriggan (Lair:6)
  A wyvern (Lair:4)
  A naga (Snake:1)
  A water moccasin (Lair:6)
  A black bear (Lair:6)
  A wolf (Lair:6)
  5 river rats (Lair:6)
26 creatures vanquished.

Vanquished Creatures (others)
  A deep elf pyromancer (D:15)
  A bloated husk (Swamp:1)
  A human (D:15)
  30 fungi
  61 plants
94 creatures vanquished.

Grand Total: 1133 creatures vanquished

Notes
Turn   | Place    | Note
-------+----------+-------------------------------------------
     0 | D:1      | croobank the Minotaur Berserker began the quest for the
                  | Orb.
     0 | D:1      | Reached XP level 1. HP: 19/19 MP: 0/0
   557 | D:1      | Reached XP level 2. HP: 24/27 MP: 1/1
   558 | D:1      | Reached skill level 4 in Long Blades
   945 | D:1      | Reached XP level 3. HP: 33/33 MP: 2/2
   957 | D:1      | Reached ** piety under Trog
  1468 | D:1      | Found a faded altar of an unknown god.
  1634 | D:2      | Found Toes's Armour Shop.
  1671 | D:2      | Found a shimmering altar of Xom.
  1694 | D:2      | Reached XP level 4. HP: 31/41 MP: 3/3
  2023 | D:2      | Reached skill level 5 in Long Blades
  2041 | D:2      | HP: 2/41 [worm (9)]
  3141 | D:3      | Reached XP level 5. HP: 41/47 MP: 4/4
  3404 | D:3      | Reached *** piety under Trog
  3651 | D:4      | Reached skill level 5 in Fighting
  3983 | D:4      | Reached skill level 6 in Long Blades
  4134 | D:4      | Reached skill level 1 in Throwing
  4134 | D:4      | Reached XP level 6. HP: 49/56 MP: 5/5
  4527 | D:5      | Entered Level 5 of the Dungeon
  4849 | D:5      | Reached skill level 7 in Long Blades
  5078 | D:5      | Reached XP level 7. HP: 43/61 MP: 6/6
  5184 | D:5      | Found a shimmering blue altar of Sif Muna.
  5323 | D:5      | Reached skill level 5 in Armour
  5594 | D:5      | Reached skill level 8 in Long Blades
  5609 | D:5      | Reached **** piety under Trog
  5830 | D:5      | Reached XP level 8. HP: 32/70 MP: 7/7
  6385 | D:6      | Reached skill level 1 in Short Blades
  6386 | D:6      | Reached skill level 9 in Long Blades
  6802 | D:6      | Found a white marble altar of Elyvilon.
  6822 | D:6      | You fall into a shaft and drop 1 floor!
  6925 | D:6      | Reached skill level 10 in Long Blades
  7004 | D:6      | Found Boaty's Armour Boutique.
  7013 | D:6      | Bought the +1 chain mail of Complete Protection {Regen+}
                  | for 231 gold pieces
  7102 | D:6      | Reached XP level 9. HP: 78/78 MP: 8/8
  7407 | D:6      | Found a stormy altar of Qazlal.
  7592 | D:7      | Noticed Pikel
  7598 | D:7      | Reached skill level 11 in Long Blades
  7599 | D:7      | Killed Pikel
  7685 | D:7      | Found Ynwuith's Elemental Accessories.
  7697 | D:7      | Noticed Duvessa
  7697 | D:7      | Noticed Dowan
  7702 | D:7      | Killed Duvessa
  7704 | D:7      | Killed Dowan
  7786 | D:7      | Found a staircase to the Ecumenical Temple.
  7910 | D:7      | Found a glowing silver altar of Zin.
  7939 | D:7      | Found an ancient bone altar of Kikubaaqudgha.
  7939 | D:7      | Found a glowing golden altar of the Shining One.
  8102 | D:8      | Reached skill level 12 in Long Blades
  8130 | D:8      | Found a transporter.
  8134 | D:8      | Noticed a kobold demonologist
  8329 | D:8      | Found a transporter.
  8389 | D:8      | Reached XP level 10. HP: 78/90 MP: 9/9
  8440 | D:8      | Found a hazy altar of Hepliaklqana.
  8560 | D:8      | Reached ***** piety under Trog
  8985 | D:9      | Noticed a two-headed ogre
  8987 | D:9      | Killed a two-headed ogre
  8988 | D:9      | Reached skill level 13 in Long Blades
  8989 | D:9      | Found the +6 lightning scales {swift, rElec}
  9035 | D:9      | Reached skill level 10 in Armour
  9048 | D:9      | Identified the +3 leather armour of Imperfection {+Blink
                  | Dex+3}
  9385 | D:9      | Found an ornate altar of the Wu Jian Council.
  9633 | D:9      | Found a staircase to the Lair.
  9698 | Lair:1   | Entered Level 1 of the Lair of Beasts
  9701 | Lair:1   | Noticed a cane toad
  9704 | Lair:1   | Killed a cane toad
  9705 | Lair:1   | Reached skill level 1 in Stealth
  9809 | Lair:1   | Reached skill level 1 in Crossbows
  9811 | Lair:1   | Reached skill level 14 in Long Blades
  9811 | Lair:1   | Reached XP level 11. HP: 97/97 MP: 10/10
  9962 | Lair:1   | Noticed an eight-headed hydra
  9967 | Lair:1   | Killed a six-headed hydra
 10085 | Lair:1   | Noticed Prince Ribbit
 10092 | Lair:1   | Killed Prince Ribbit
 10156 | Lair:1   | Reached skill level 15 in Long Blades
 10467 | Lair:2   | Noticed a death yak
 10467 | Lair:2   | Noticed a death yak
 10467 | Lair:2   | Noticed a death yak
 10494 | Lair:1   | Killed a death yak
 10500 | Lair:2   | Noticed a death yak
 10504 | Lair:2   | Killed a death yak
 10510 | Lair:1   | Killed a death yak
 10566 | Lair:2   | Killed a death yak
 10585 | Lair:2   | Reached skill level 10 in Fighting
 10598 | Lair:2   | Received a gift from Trog
 10701 | Lair:2   | Reached skill level 16 in Long Blades
 10724 | Lair:1   | Reached skill level 5 in Dodging
 10925 | Lair:2   | Noticed a seven-headed hydra
 10929 | Lair:2   | Killed a six-headed hydra
 10930 | Lair:2   | Reached XP level 12. HP: 90/106 MP: 11/11
 11140 | Lair:2   | Reached skill level 18 in Long Blades
 11140 | Lair:2   | Reached XP level 13. HP: 113/113 MP: 12/12
 11572 | Lair:3   | Found a runed translucent gate.
 11572 | Lair:3   | Found a runed translucent gate.
 11572 | Lair:3   | Found a runed translucent gate.
 11618 | Lair:3   | Identified the +10 long sword of Bodily Humours {protect,
                  | rF+ Str+3}
 11665 | Lair:3   | Noticed scisormetimb3rs's ghost (journeyman DsFi)
 11666 | Lair:3   | Noticed Piojid's ghost (adept SpVM)
 11666 | Lair:3   | Noticed boopmooplesden's ghost (journeyman MiFi)
 11667 | Lair:3   | Noticed Luuwnalu's ghost (journeyman KoHu)
 11693 | Lair:3   | Reached skill level 1 in Shields
 11820 | Lair:3   | Found a staircase to the Swamp.
 11913 | Lair:3   | Reached skill level 5 in Shields
 12476 | Lair:4   | Found a staircase to the Snake Pit.
 12497 | Lair:4   | Reached skill level 10 in Shields
 12720 | Lair:4   | Reached XP level 14. HP: 115/124 MP: 13/13
 13293 | D:9      | Found Ykinocu's Jewellery Shoppe.
 13392 | D:10     | Entered Level 10 of the Dungeon
 13450 | D:10     | Found Niepacw's General Store.
 13530 | D:10     | Found a sacrificial altar of Ru.
 13730 | D:10     | Reached ****** piety under Trog
 13761 | D:10     | Received a gift from Trog
 14090 | D:11     | Noticed Snorg
 14101 | D:11     | Killed Snorg
 14118 | D:11     | Found a frozen archway.
 14160 | IceCv    | Entered an ice cave
 14436 | IceCv    | Noticed a reaper
 14448 | IceCv    | Killed a reaper
 15568 | D:11     | Noticed Nergalle
 15589 | D:11     | Killed Nergalle
 16024 | D:10     | Found a basalt altar of Yredelemnul.
 16122 | D:9      | Bought the ring "Ypuripro" {rPois Str+3 SInv Stlth-} for
                  | 505 gold pieces
 16296 | D:9      | Identified the +10 battleaxe "Vileapse" {elec, rF+}
 16956 | Lair:5   | Identified the +1 ring mail "Ohoshryn" {rPois rF+++ Will-
                  | Regen+}
 17309 | Lair:5   | Received a gift from Trog
 17537 | Lair:5   | Reached skill level 15 in Shields
 17709 | Lair:6   | Entered Level 6 of the Lair of Beasts
 18215 | Lair:6   | Received a gift from Trog
 18274 | Lair:6   | Reached XP level 15. HP: 103/129 MP: 14/14
 18963 | Lair:6   | Found a staircase to the Slime Pits.
 18964 | Lair:6   | Found a viscous altar of Jiyva.
 20229 | D:12     | Noticed a fire giant
 20238 | D:12     | HP: 7/193 [fire giant (11)]
 20239 | D:12     | Killed a fire giant
 21007 | D:12     | Received a gift from Trog
 21169 | D:12     | Found a staircase to the Orcish Mines.
 21552 | D:13     | Reached skill level 19 in Long Blades
 21637 | Orc:1    | Entered Level 1 of the Orcish Mines
 22273 | Orc:2    | Entered Level 2 of the Orcish Mines
 22484 | Orc:2    | Received a gift from Trog
 22557 | Orc:1    | Found Gommoeti's Antique Weapon Shoppe.
 22692 | Orc:2    | Found Gokiasaz's Book Shoppe.
 22699 | Orc:2    | Found Kuprueh's Antique Armour Shoppe.
 23159 | Orc:2    | Reached skill level 20 in Long Blades
 23176 | Orc:2    | Found Sizokibb's Antique Armour Shop.
 23337 | Orc:2    | Reached XP level 16. HP: 137/137 MP: 15/15
 23351 | Orc:2    | Found Agodotok's Armour Emporium.
 23352 | Orc:2    | Found Dathriseo's Distillery.
 23363 | Orc:2    | Found Ganomi's Jewellery Shoppe.
 23462 | Orc:2    | Found a staircase to the Elven Halls.
 24497 | Snake:1  | Entered Level 1 of the Snake Pit
 24768 | Snake:1  | Found the +9 scales of the Dragon King {rPois rF+ rC+
                  | Will+}
 24791 | Snake:1  | Identified a scroll of acquirement
 24814 | Snake:1  | Received a gift from Trog
 24838 | Snake:1  | Acquired the ring "Jyhach" {rElec rF- Dex+6 Stlth+}
 25227 | Snake:1  | Reached skill level 21 in Long Blades
 25388 | Snake:1  | Identified Roxanne's Papyrus of Transmutation
 25388 | Snake:1  | Noticed Roxanne
 25715 | Snake:1  | Noticed Aizul
 25731 | Snake:1  | Killed Aizul
 26132 | Snake:1  | Noticed Nikola
 26645 | Snake:1  | Killed Nikola
 27083 | Snake:2  | Identified the +5 cloak of Ytsegut {rF- Will- Int+8 SInv}
 27171 | Snake:2  | Received a gift from Trog
 27641 | Snake:2  | Noticed Asterion
 27651 | Snake:2  | Killed Asterion
 28043 | Snake:3  | Reached skill level 22 in Long Blades
 29862 | Snake:3  | Identified the +12 double sword of World's End {vorpal, rF+
                  | rC- Str+8 Dex-4} (Trog gifted it to you on level 3 of the
                  | Snake Pit)
 29862 | Snake:3  | Received a gift from Trog
 29929 | Snake:3  | Reached skill level 23 in Long Blades
 30692 | Snake:3  | Found a white marble altar of Elyvilon.
 30883 | Snake:4  | Entered Level 4 of the Snake Pit
 30989 | Snake:4  | Reached XP level 17. HP: 115/144 MP: 16/16
 31115 | Snake:4  | Noticed Donald
 31140 | Snake:4  | Killed Donald
 31792 | Snake:4  | Noticed a quicksilver dragon
 31792 | Snake:4  | Noticed a quicksilver dragon
 32489 | Snake:4  | Killed a quicksilver dragon
 32490 | Snake:4  | Reached skill level 24 in Long Blades
 33420 | Snake:4  | Killed a quicksilver dragon
 33549 | Snake:4  | Got a serpentine rune of Zot
 34411 | D:13     | Found Lyargh's Magic Scroll Shop.
 34419 | D:13     | Bought a scroll of blinking for 82 gold pieces
 35270 | D:13     | Found a gate to the Vaults.
 35993 | D:14     | Received a gift from Trog
 36319 | D:13     | Bought a scroll of enchant weapon for 82 gold pieces
 36398 | D:14     | Noticed Josephine
 36415 | D:14     | Killed Josephine
 36894 | D:15     | Entered Level 15 of the Dungeon
 37885 | D:15     | Found Vorostra's Book Emporium.
 37914 | D:15     | Noticed Kirke
 37923 | D:15     | Killed Kirke
 37924 | D:15     | Reached XP level 18. HP: 154/154 MP: 17/17
 38353 | D:15     | Found a staircase to the Depths.
 38551 | D:15     | Found a faded altar of an unknown god.
 38558 | D:15     | Found a faded altar of an unknown god.
 38558 | D:15     | Found a hazy altar of Hepliaklqana.
 39127 | Swamp:1  | Entered Level 1 of the Swamp
 39162 | Swamp:1  | Reached skill level 10 in Dodging
 39174 | Swamp:1  | Received a gift from Trog
 39503 | Swamp:1  | Noticed a tentacled monstrosity
 39510 | Swamp:1  | Killed a tentacled monstrosity
 39705 | Swamp:1  | Found a large runed translucent door.
 39705 | Swamp:1  | Found a large runed translucent door.
 39706 | Swamp:1  | Noticed unlimited1921's ghost (journeyman TrFi)
 41239 | Swamp:2  | HP: 1/157 [spriggan druid/angry trees (9)]
 41240 | Swamp:2  | Killed from afar by a spriggan druid

Illustrated notes

Levels and vault maps discovered:
D:1:      lemuel_arrival_room, layout_loops_ring,
          shapermc_ecumenical_altar_mp_vishouse, minmay_pentomino_t2
D:2:      minmay_door_path, layout_basic, basic_altar, serial_shops, shop
D:3:      layout_basic
D:4:      layout_loops_ring
D:5:      layout_rooms, mainiacjoe_overflow_alcove_2, kennysheep_windowed_goal
D:6:      layout_gridville, nicolae_qazlal_general_emergency, elyvilon_altar_3,
          serial_shops, nicolae_shop_competitors_out_of_business,
          minmay_misc_feat_secret_circle
D:7:      layout_basic, zin_academy, gammafunk_temple_overflow_elements,
          minmay_temple_entry_arrows, nicolae_elemental_shop, minivault_1,
          uniq_duvessa, uniq_pikel
D:8:      gammafunk_wand_slinger, layout_cave_pools,
          mainiacjoe_overflow_alcove_1, serial_ice, serial_ice_l, serial_ice_h,
          serial_ice_n, serial_ice_d, serial_ice_g, serial_ice_f, serial_ice_a,
          abandoned_shop, minmay_fire_ice_demons
D:9:      layout_basic, nicolae_wu_jian_glorious_leap,
          grunt_lair_entry_orc_guard_hut, serial_shops, nicolae_shop_trees
D:10:     layout_loops_ring, general_overflow_altar,
          lemuel_coloured_pillars_altar, serial_shops, shop_coins, st_stairs_10,
          nrook_mini_backslash
D:11:     layout_irregular_city, portal_ice_cave_entry_pillars_2,
          grunt_ministairs_7, uniq_nergalle, uniq_snorg
D:12:     minmay_bad_star, layout_gridville
D:13:     layout_basic, david_vaults_1, serial_shops, shop, special_room
          [special_room_bee], minmay_misc_feat_tiny
D:14:     layout_rooms, uniq_josephine
D:15:     hangedman_depths_entry_try_elsewhere_first, layout_long_grid,
          nicolae_hepliaklqana_ecumenical_no_more, serial_shops, shop,
          minmay_pinched_square, uniq_kirke
Lair:1:   layout_small_grid, uniq_prince_ribbit2
Lair:2:   cheibrodos_lair_river_kwai, layout_hall_layers, serial_bayou_shore_a
Lair:3:   layout_cave_shapes, skrybe_swamp_entry_bodies,
          gammafunk_ghost_cemetery, roderic_batcave, minmay_lindwurm_lava
Lair:4:   layout_cave_pods, minmay_snake_entry_six_corridors,
          infiniplex_staircase_pool
Lair:5:   layout_gridlike, beast_lair_carwin_11
Lair:6:   minmay_lair_end_enchanted_forest, layout_cave_pods, slime_altar_1,
          kennysheep_rathole, lemuel_fruit_tree, grunt_megastairs_1
Swamp:1:  layout_falls_marsh, ebering_ghost_disaster_area,
          evilmike_swamp_ruin_house_3
Swamp:2:  cheibrodos_swamp_heart_of_darkness, layout_falls_marsh,
          hangedman_swamp_blocks, swamp_pool3, grunt_lady_of_the_lake
Snake:1:  layout_chambers, grunt_megastairs_3, uniq_nikola, uniq_aizul,
          uniq_roxanne
Snake:2:  layout_rooms, uniq_asterion
Snake:3:  layout_onion_interference, basic_altar
Snake:4:  hellmonk_snake_rune_quicksilver_temple, layout_cave_town,
          hangedman_snake_corridor_split, uniq_donald
Orc:1:    layout_diamond_mine, serial_shops, nicolae_shop_crystal,
          minmay_orc_keep
Orc:2:    st_orc_open, layout_caves, serial_shops, nicolae_square_shop,
          nicolae_shop_stone

Skill      XL: |  1  2  3  4  5  6  7  8  9 10 11 12 13 14 15 16 17 18 |
---------------+-------------------------------------------------------+-----
Long Blades    | 4 5 6 7 8 10 12 14 16 18 20 23 24 | 24.7
Fighting       | 4 5 6 8 9 10 11 12 13 | 13.3
Armour         | 3 4 5 7 8 10 11 12 | 12.1
Throwing       | 1 |  1.1
Dodging        | 3 4 5 8 11 | 11.7
Short Blades   | 1 |  1.0
Stealth        | 1 |  1.1
Crossbows      | 1 2 |  2.9
Shields        | 10 16 19 | 19.0

Action                   |  1- 3 |  4- 6 |  7- 9 | 10-12 | 13-15 | 16-18 || total
-------------------------+-------+-------+-------+-------+-------+-------++-------
Melee: Falchion          |    93 |       |       |       |       |       ||    93
       Headbutt          |    18 |    17 |    43 |    48 |   297 |   344 ||   767
       Triple sword      |     3 |   102 |   114 |   155 |   509 |   396 ||  1279
       Dagger            |       |       |    33 |       |   157 |   112 ||   302
       Long sword        |       |       |       |       |   326 |   194 ||   520
       Double sword      |       |       |       |       |       |   224 ||   224
       Great sword       |       |       |       |       |       |    64 ||    64
       Quick blade       |       |       |       |       |       |   134 ||   134
 Fire: Arbalest          |       |       |       |     9 |    37 |    26 ||    72
Throw: Stone             |       |     5 |       |       |       |       ||     5
       Dart              |       |       |       |       |       |     1 ||     1
Invok: Trog's Hand       |       |     1 |       |       |     3 |     1 ||     5
       Berserk           |       |       |     1 |     2 |     4 |     9 ||    16
       Brothers in Arms  |       |       |       |       |     5 |     6 ||    11
Evoke: Wand              |       |       |       |       |     3 |    10 ||    13
  Use: Scroll            |       |     2 |     2 |     4 |    18 |    23 ||    49
       Potion            |       |       |     2 |     2 |     6 |     5 ||    15
 Stab: Petrified         |       |       |       |       |     2 |       ||     2
Armor: Animal skin       |    20 |       |       |       |       |       ||    20
       Ring mail         |     4 |    23 |       |       |    16 |       ||    43
       Scale mail        |       |    23 |    46 |       |    32 |       ||   101
       Chain mail        |       |       |    29 |    63 |   487 |    14 ||   593
       Gold dragon scale |       |       |       |       |       |   770 ||   770
Dodge: Dodged            |    79 |    73 |   109 |    90 |   480 |   387 ||  1218
Block: Kite shield       |       |       |       |       |   168 |       ||   168
       Rpst.: Falchion   |    13 |       |       |       |       |       ||    13
       Triple sword      |     3 |    16 |    23 |    19 |    65 |    30 ||   156
       Long sword        |       |       |       |       |    32 |     6 ||    38
       Double sword      |       |       |       |       |       |    17 ||    17
       Great sword       |       |       |       |       |       |     4 ||     4
